 Dungeon Crawl Stone Soup version 0.29.0-4-gdea44cf6ec (webtiles) character file.

Game seed: 543750036429554332

17825 qw the Grappler (level 12, -8/111 HPs)
             Began as a Troll Cinder Acolyte on Aug 31, 2022.
             Was an Initiate of Okawaru.
             Killed from afar by an oklob plant (21 damage)
             ... with a splash of acid
             ... on level 2 of the Lair of Beasts.
             The game lasted 00:05:38 (11916 turns).

qw the Grappler (Troll Cinder Acolyte)             Turns: 11916, Time: 00:05:39

Health: -8/111     AC:  8    Str: 32    XL:     12   Next: 22%
Magic:  12/12      EV:  4    Int:  9    God:    Okawaru [......]
Gold:   1107       SH: 11    Dex: 15    Spells: 13/13 levels left

rFire   . . .      SeeInvis .     - Unarmed
rCold   + + .      Faith    .   n - +0 kite shield
rNeg    . . .      Spirit   .   q - +2 gold dragon scales
rPois   +          Reflect  .   g - +2 hood of the Assassin {Detection Stab+ Stlth++}
rElec   .          Harm     .   (no cloak)
rCorr   .          Rampage  .   (gloves unavailable)
Will    .....      Clarity  +   (boots unavailable)
Stlth   ..........              (no amulet)
HPRegen 1.08/turn               d - +6 ring of strength
MPRegen 0.13/turn               j - ring of Wu Jian's Esteem {rC+ Dex+6}

@: corroded, fire susceptible
A: large, unfitting armour, claws 3, regeneration 1, shaggy fur 1, tough skin 1,
agile 1, clarity, weak 1
a: Renounce Religion


You were on level 2 of the Lair of Beasts.
You worshipped Okawaru.
Okawaru was noncommittal.
You visited 3 branches of the dungeon, and saw 13 of its levels.

You collected 1107 gold pieces.


Innate Abilities, Weirdness & Mutations

You are too large for most types of armour.
You have claws for hands.
Your natural rate of healing is unusually fast.
You are covered in fur. (AC +1)
You have tough skin. (AC +1)
You are agile. (Dex +4, Str/Int -1)
You possess an exceptional clarity of mind.
You are weak. (Str -2)


   Skills:
 - Level 5.0 Fighting
 + Level 4.0 Throwing
 - Level 5.2 Armour
 - Level 4.6 Dodging
 - Level 10.0 Shields
 - Level 13.4 Unarmed Combat
 - Level 1.0 Spellcasting
 - Level 2.1 Fire Magic


You had 13 spell levels left.
You didn't know any spells.
Your spell library contained the following spells:

 Spells                   Type           Power      Damage    Failure   Level
 Scorch                   Fire           8%         2d5       100%        2

Inventory:

Missiles
 h - 6 large rocks
 i - 18 boomerangs
 m - 4 javelins (quivered)
Armour
 g - the +2 hood of the Assassin (worn) {Detection Stab+ Stlth++}
   (You acquired it on level 5 of the Dungeon)

   It allows the wearer to sense nearby creatures.
   It allows the wearer to make particularly effective stabbing attacks against
   helpless or unaware enemies with any weapon.
   Stlth:     It makes you much more stealthy.
 n - a +0 kite shield (worn)
 q - +2 gold dragon scales (worn)
Jewellery
 d - a +6 ring of strength (left claw)
 j - the ring of Wu Jian's Esteem (right claw) {rC+ Dex+6}
   (You found it on level 4 of the Dungeon)

   [ring of dexterity]

   Dex:       It affects your dexterity (+6).
   rC:        It protects you from cold.
 r - a ring of protection from fire
Scrolls
 a - 3 scrolls of enchant weapon
 e - 5 scrolls of identify
 f - a scroll of magic mapping {unknown}
Potions
 b - 7 potions of curing
 c - a potion of resistance
 k - 4 potions of mutation
 l - 2 potions of haste

Dungeon Overview and Level Annotations

Branches:
Dungeon (10/15)            Temple (1/1) D:4            Lair (2/5) D:10
  Swamp (0/4) Lair:2          Orc (0/2) D:9
  Snake: Lair:2-3    Spider: Lair:2-3

Altars:
Ashenzari
Cheibriados
Dithmenos
Elyvilon
Fedhas
Gozag
Hepliaklqana
Kikubaaqudgha
Nemelex Xobeh
Okawaru
Qazlal
Sif Muna
Trog
Uskayaw
Vehumet
Wu Jian
Xom
Yredelemnul
The Shining One


Message History

You block the fire elemental's attack.
You scratch the fire elemental.
The fire elemental is severely damaged.
You block the fire elemental's attack.
You barely miss the fire elemental.
The fire elemental is severely damaged.
You block the fire elemental's attack.
You mangle the fire elemental!!
You destroy the fire elemental!
That felt strangely unrewarding.
You start resting.
HP restored.
k - 4 potions of mutation (gained 1)
Things that are here:
a +0 halberd; 2 throwing nets; a +0 scale mail As you open the door, it creaks loudly!
There is an open door here.
You open the door.
There is an open door here.
There is an open door here.
The oklob plant spits acid at you. The splash of acid hits you!!
The acid corrodes you! The oklob plant spits acid at you.
The splash of acid hits you!! The oklob plant spits acid at you.
The splash of acid hits you!! The oklob plant spits acid at you.
The splash of acid hits you. The oklob plant spits acid at you.
The splash of acid hits you but does no damage.
The acid corrodes you! The oklob plant spits acid at you.
The splash of acid hits you! The acid corrodes you!
The oklob plant spits acid at you. The splash of acid hits you!!
The oklob plant spits acid at you. The splash of acid hits you!!
The oklob plant spits acid at you. The splash of acid hits you!!
You die...

(.# ..##P.....>..?....+
..+...............#P.P##
...#.#####...(....# ## ##.#
##..PPP....# # #...PPP(...# ###
#...PPP....## ### ##. ..#
#.##......##.# ##..####..+ ..#
###..........###.......... ..#
#.+......@....#P.......... ..#
####.#..........###..........
..###...............###..........
.......#..............#..........
......###...........#......<.....
..#.#.# ####...###P####..........
#.##### ##.### ## #.......... ###
#...#### ##..#..##.# ###
##.###.## ##P......##.


You could see an oklob plant.

Vanquished Creatures
  A hydra (Lair:1)
  Harold (Lair:2)
  2 two-headed ogres
  Pikel (D:4)
  A manticore (D:10)
  An elephant (D:10)
  3 black mambas
  A gargoyle (D:10)
  3 cane toads
  A torpor snail (Lair:1)
  An unseen horror (D:9)
  A komodo dragon (Lair:1)
  3 trolls
  A polar bear (Lair:2)
  3 hornets
  3 blink frogs (Lair:2)
  A shadow (D:10)
  14 yaks
  A wraith (D:10)
  A vampire (D:9)
  2 basilisks (Lair:2)
  3 wyverns
  3 fire elementals (Lair:2)
  2 steam dragons
  4 vampire mosquitoes (Lair:2)
  Edmund (D:4)
  2 acid dragons
  3 water moccasins (Lair:2)
  A floating eye (D:10)
  2 black bears (D:10)
  6 orc warriors
  An ice beast (D:8)
  A sky beast (D:7)
  3 ogres (D:9)
  4 centaurs
  3 wolves (Lair:1)
  A lemure (D:4)
  2 phantoms
  6 kobold brigands
  5 bullfrogs
  3 necrophages
  5 gnoll sergeants
  A scorpion (D:6)
  7 wights (D:8)
  6 killer bees (D:9)
  An electric eel (Lair:1)
  5 howler monkeys
  2 jellies
  A gnoll bouda (D:6)
  3 orc priests
  2 iguanas
  7 orc wizards
  8 adders
  8 gnolls
  A worm (D:5)
  3 dart slugs
  30 orcs
  10 ball pythons
  6 endoplasms
  A giant cockroach (D:2)
  5 goblins
  7 hobgoblins
  3 jackals (D:2)
  3 quokkas
  7 bats
  4 frilled lizards
  24 kobolds
  4 rats
266 creatures vanquished.

Vanquished Creatures (others)
  3 fungi
  13 plants
16 creatures vanquished.

Grand Total: 282 creatures vanquished

Notes
Turn   | Place    | Note
-------+----------+-------------------------------------------
     0 | D:1      | qw the Troll Cinder Acolyte began the quest for the Orb.
     0 | D:1      | Reached XP level 1. HP: 22/22 MP: 1/1
     0 | D:1      | 0 ||| qw: Version: 0.1-a-97-g2dd2ca4
     0 | D:1      | 0 ||| qw: Game counter: 4672
     0 | D:1      | 0 ||| qw: Always use a shield: true
     0 | D:1      | 0 ||| qw: God list: Okawaru
     0 | D:1      | 0 ||| qw: Allow faded altars: false
     0 | D:1      | 0 ||| qw: Do Orc after D:15 true
     0 | D:1      | 0 ||| qw: Do second Lair branch before Depths: true
     0 | D:1      | 0 ||| qw: Lair rune preference: random
     0 | D:1      | 0 ||| qw: Plans: Normal
     0 | D:1      | 0 ||| PLANNING D:1-11
   142 | D:1      | Reached XP level 2. HP: 25/29 MP: 2/2
   216 | D:1      | Found a faded altar of an unknown god.
   216 | D:1      | Noticed a balrug
   430 | D:1      | 430 ||| READING scroll labelled OTENKO SOLI.
   435 | D:1      | 435 ||| READING 3 scrolls labelled HEAFEOR LIVAHA.
   436 | D:1      | 436 ||| DRINKING 4 yellow potions.
   437 | D:1      | 437 ||| READING 2 scrolls of identify.
   437 | D:1      | 437 ||| IDENTIFYING fuming silvery potion
   508 | D:2      | Reached skill level 4 in Unarmed Combat
   509 | D:2      | 509 ||| Stepping ~*~*~tactically~*~*~ (hiding).
   527 | D:2      | Reached XP level 3. HP: 30/36 MP: 3/3
   608 | D:2      | 608 ||| Stepping ~*~*~tactically~*~*~ (stealth).
   618 | D:2      | 618 ||| INVOKING Fiery Armour.
   666 | D:2      | 666 ||| Stepping ~*~*~tactically~*~*~ (stealth).
   672 | D:2      | Reached XP level 4. HP: 44/44 MP: 4/4
   676 | D:2      | 676 ||| Stepping ~*~*~tactically~*~*~ (stealth).
   728 | D:2      | Reached skill level 5 in Unarmed Combat
   733 | D:2      | Found a glowing golden altar of the Shining One.
   943 | D:2      | 943 ||| READING scroll labelled ICEUPODOLA.
   944 | D:2      | 944 ||| READING scroll labelled TALORU RUOSSAS.
   945 | D:2      | 945 ||| READING scroll labelled OSEDIPENYM.
   946 | D:2      | 946 ||| READING scroll labelled FYVABR LUTS.
   947 | D:2      | 947 ||| READING scroll of teleportation.
   977 | D:3      | Found a broken altar of Ashenzari.
  1157 | D:3      | 1157 ||| INVOKING Fiery Armour.
  1562 | D:3      | You fall into a shaft and drop 2 floors!
  1562 | D:5      | Entered Level 5 of the Dungeon
  1594 | D:5      | Reached XP level 5. HP: 50/50 MP: 5/5
  1629 | D:5      | 1629 ||| Stepping ~*~*~tactically~*~*~ (stealth).
  1631 | D:5      | 1631 ||| Stepping ~*~*~tactically~*~*~ (stealth).
  1635 | D:5      | 1635 ||| Stepping ~*~*~tactically~*~*~ (stealth).
  1684 | D:5      | 1684 ||| READING scroll labelled QISKUS RAYDIWUZ.
  1684 | D:5      | Identified a scroll of acquirement
  1684 | D:5      | 1684 ||| ACQUIRING +2 hood of the Assassin {Detection Stab+
                  | Stlth++}
  1684 | D:5      | Acquired the +2 hood of the Assassin {Detection Stab+
                  | Stlth++}
  1684 | D:5      | Found the +2 hood of the Assassin {Detection Stab+ Stlth++}
  1686 | D:5      | 1686 ||| UPGRADING to +2 hood of the Assassin {Detection
                  | Stab+ Stlth++}.
  1691 | D:5      | 1691 ||| READING scroll labelled QOUQ UTAOHE.
  1716 | D:5      | 1716 ||| READING scroll labelled SIZOACK PUURA.
  1720 | D:5      | Reached skill level 6 in Unarmed Combat
  1720 | D:5      | 1720 ||| READING scroll labelled MUIR JAOTI.
  1786 | D:4      | 1786 ||| Stepping ~*~*~tactically~*~*~ (stealth).
  1788 | D:4      | 1788 ||| Stepping ~*~*~tactically~*~*~ (stealth).
  2062 | D:4      | 2062 ||| Stepping ~*~*~tactically~*~*~ (stealth).
  2064 | D:4      | 2064 ||| Stepping ~*~*~tactically~*~*~ (stealth).
  2067 | D:4      | 2067 ||| INVOKING Fiery Armour.
  2071 | D:4      | 2071 ||| Stepping ~*~*~tactically~*~*~ (stealth).
  2074 | D:4      | 2074 ||| Stepping ~*~*~tactically~*~*~ (stealth).
  2081 | D:4      | Noticed a lemure
  2083 | D:4      | Noticed a lemure
  2084 | D:4      | 2084 ||| Stepping ~*~*~tactically~*~*~ (stealth).
  2085 | D:4      | 2085 ||| Stepping ~*~*~tactically~*~*~ (stealth).
  2086 | D:4      | Noticed a lemure
  2087 | D:4      | 2087 ||| Stepping ~*~*~tactically~*~*~ (stealth).
  2088 | D:4      | 2088 ||| Stepping ~*~*~tactically~*~*~ (stealth).
  2089 | D:4      | 2089 ||| Stepping ~*~*~tactically~*~*~ (stealth).
  2090 | D:4      | 2090 ||| Stepping ~*~*~tactically~*~*~ (stealth).
  2091 | D:4      | Noticed Pikel
  2092 | D:4      | 2092 ||| Stepping ~*~*~tactically~*~*~ (stealth).
  2093 | D:4      | Noticed a lemure
  2094 | D:4      | 2094 ||| Stepping ~*~*~tactically~*~*~ (stealth).
  2100 | D:4      | Killed a lemure
  2102 | D:4      | 2102 ||| Stepping ~*~*~tactically~*~*~ (stealth).
  2103 | D:4      | 2103 ||| Stepping ~*~*~tactically~*~*~ (stealth).
  2105 | D:4      | 2105 ||| Stepping ~*~*~tactically~*~*~ (stealth).
  2112 | D:4      | 2112 ||| Stepping ~*~*~tactically~*~*~ (outnumbered).
  2113 | D:4      | Killed Pikel
  2114 | D:4      | Reached skill level 8 in Unarmed Combat
  2114 | D:4      | Reached XP level 6. HP: 58/59 MP: 6/6
  2114 | D:4      | Reached XP level 7. HP: 65/66 MP: 7/7
  2140 | D:4      | 2140 ||| Stepping ~*~*~tactically~*~*~ (stealth).
  2142 | D:4      | 2142 ||| Stepping ~*~*~tactically~*~*~ (stealth).
  2149 | D:4      | 2149 ||| Stepping ~*~*~tactically~*~*~ (stealth).
  2151 | D:4      | 2151 ||| Stepping ~*~*~tactically~*~*~ (stealth).
  2154 | D:4      | 2154 ||| Stepping ~*~*~tactically~*~*~ (stealth).
  2156 | D:4      | 2156 ||| Stepping ~*~*~tactically~*~*~ (stealth).
  2158 | D:4      | 2158 ||| Stepping ~*~*~tactically~*~*~ (stealth).
  2165 | D:4      | Noticed Edmund
  2166 | D:4      | 2166 ||| Stepping ~*~*~tactically~*~*~ (stealth).
  2172 | D:4      | 2172 ||| Stepping ~*~*~tactically~*~*~ (stealth).
  2173 | D:4      | 2173 ||| Stepping ~*~*~tactically~*~*~ (stealth).
  2175 | D:4      | 2175 ||| Stepping ~*~*~tactically~*~*~ (stealth).
  2177 | D:4      | 2177 ||| Stepping ~*~*~tactically~*~*~ (stealth).
  2179 | D:4      | 2179 ||| Stepping ~*~*~tactically~*~*~ (stealth).
  2189 | D:4      | Killed Edmund
  2190 | D:4      | Reached skill level 3 in Fighting
  2240 | D:4      | 2240 ||| Stepping ~*~*~tactically~*~*~ (hiding).
  2251 | D:4      | 2251 ||| Stepping ~*~*~tactically~*~*~ (hiding).
  2253 | D:4      | 2253 ||| Stepping ~*~*~tactically~*~*~ (hiding).
  2266 | D:4      | Found a staircase to the Ecumenical Temple.
  2338 | D:4      | Identified the ring of Wu Jian's Esteem {rC+ Dex+6}
  2590 | D:4      | Reached skill level 1 in Throwing
  2599 | D:4      | 2599 ||| Stepping ~*~*~tactically~*~*~ (stealth).
  2659 | D:4      | 2659 ||| Stepping ~*~*~tactically~*~*~ (stealth).
  2661 | D:4      | 2661 ||| Stepping ~*~*~tactically~*~*~ (stealth).
  2663 | D:4      | 2663 ||| Stepping ~*~*~tactically~*~*~ (stealth).
  2664 | D:4      | 2664 ||| Stepping ~*~*~tactically~*~*~ (stealth).
  2667 | D:4      | 2667 ||| Stepping ~*~*~tactically~*~*~ (stealth).
  2671 | D:4      | 2671 ||| Stepping ~*~*~tactically~*~*~ (stealth).
  2673 | D:4      | 2673 ||| Stepping ~*~*~tactically~*~*~ (stealth).
  2938 | D:4      | Found a hazy altar of Hepliaklqana.
  2964 | D:4      | 2964 ||| Stepping ~*~*~tactically~*~*~ (stealth).
  2972 | D:4      | Reached skill level 9 in Unarmed Combat
  2972 | D:4      | Reached XP level 8. HP: 75/75 MP: 8/8
  3102 | D:4      | 3102 ||| UPGRADING to ring of Wu Jian's Esteem {rC+ Dex+6}.
  3103 | D:4      | 3103 ||| DROPPING ring of magical power.
  3104 | D:4      | 3104 ||| UPGRADING to ring of positive energy.
  3105 | D:4      | 3105 ||| DRINKING 2 sedimented silvery potions.
  3106 | D:4      | 3106 ||| READING 3 scrolls of identify.
  3106 | D:4      | 3106 ||| IDENTIFYING ruby potion
  3107 | D:4      | 3107 ||| READING 2 scrolls of identify.
  3107 | D:4      | 3107 ||| IDENTIFYING clear potion
  3108 | D:4      | 3108 ||| DROPPING potion of lignification.
  3109 | D:4      | 3109 ||| DROPPING potion of invisibility.
  3110 | D:4      | 3110 ||| DROPPING potion of flight.
  3157 | D:5      | 3157 ||| Stepping ~*~*~tactically~*~*~ (hiding).
  3160 | D:5      | 3160 ||| Stepping ~*~*~tactically~*~*~ (hiding).
  3173 | D:5      | 3173 ||| Stepping ~*~*~tactically~*~*~ (stealth).
  3273 | D:5      | Found a shimmering blue altar of Sif Muna.
  3273 | D:5      | Found a radiant altar of Vehumet.
  3529 | D:5      | 3529 ||| UPGRADING to +0 robe of fire resistance.
  3539 | D:5      | 3539 ||| DROPPING +0 robe.
  3540 | D:5      | 3540 ||| DRINKING 2 bubbling golden potions.
  3645 | D:5      | 3645 ||| DROPPING potion of berserk rage.
  3682 | D:6      | 3682 ||| Stepping ~*~*~tactically~*~*~ (stealth).
  3684 | D:6      | 3684 ||| Stepping ~*~*~tactically~*~*~ (stealth).
  3686 | D:6      | 3686 ||| Stepping ~*~*~tactically~*~*~ (stealth).
  3688 | D:6      | 3688 ||| Stepping ~*~*~tactically~*~*~ (stealth).
  3692 | D:6      | Reached skill level 1 in Dodging
  3693 | D:6      | 3693 ||| Stepping ~*~*~tactically~*~*~ (hiding).
  3700 | D:6      | 3700 ||| Stepping ~*~*~tactically~*~*~ (hiding).
  3809 | D:6      | 3809 ||| Stepping ~*~*~tactically~*~*~ (stealth).
  3966 | D:6      | 3966 ||| Stepping ~*~*~tactically~*~*~ (stealth).
  3968 | D:6      | 3968 ||| Stepping ~*~*~tactically~*~*~ (stealth).
  4145 | D:6      | 4145 ||| Stepping ~*~*~tactically~*~*~ (hiding).
  4247 | D:6      | 4247 ||| Stepping ~*~*~tactically~*~*~ (hiding).
  4349 | D:6      | 4349 ||| Stepping ~*~*~tactically~*~*~ (hiding).
  4451 | D:6      | 4451 ||| Stepping ~*~*~tactically~*~*~ (hiding).
  4553 | D:6      | 4553 ||| Stepping ~*~*~tactically~*~*~ (hiding).
  4655 | D:6      | 4655 ||| Stepping ~*~*~tactically~*~*~ (hiding).
  4757 | D:6      | 4757 ||| Stepping ~*~*~tactically~*~*~ (hiding).
  4859 | D:6      | 4859 ||| Stepping ~*~*~tactically~*~*~ (hiding).
  4961 | D:6      | 4961 ||| Stepping ~*~*~tactically~*~*~ (hiding).
  5063 | D:6      | 5063 ||| Stepping ~*~*~tactically~*~*~ (hiding).
  5165 | D:6      | 5165 ||| Stepping ~*~*~tactically~*~*~ (hiding).
  5273 | D:6      | Reached skill level 10 in Unarmed Combat
  5369 | D:6      | 5369 ||| UPGRADING to ring of protection from cold.
  5398 | D:7      | 5398 ||| STAIRDANCE
  5398 | D:7      | Noticed a two-headed ogre
  5408 | D:7      | 5408 ||| INVOKING Fiery Armour.
  5409 | D:7      | 5409 ||| STAIRDANCE
  5423 | D:7      | 5423 ||| STAIRDANCE
  5427 | D:6      | Killed a two-headed ogre
  5428 | D:6      | Reached XP level 9. HP: 32/83 MP: 9/9
  5743 | D:7      | 5743 ||| Stepping ~*~*~tactically~*~*~ (stealth).
  6309 | D:7      | 6309 ||| READING 2 scrolls of identify.
  6309 | D:7      | 6309 ||| IDENTIFYING fizzy red potion
  6310 | D:7      | 6310 ||| READING 4 scrolls of teleportation.
  6684 | D:8      | 6684 ||| Stepping ~*~*~tactically~*~*~ (hiding).
  6690 | D:8      | 6690 ||| Stepping ~*~*~tactically~*~*~ (outnumbered).
  6691 | D:8      | 6691 ||| Stepping ~*~*~tactically~*~*~ (hiding).
  6750 | D:8      | 6750 ||| READING scroll of acquirement.
  6750 | D:8      | 6750 ||| ACQUIRING +2 gold dragon scales
  6750 | D:8      | Acquired +2 gold dragon scales
  6752 | D:8      | 6752 ||| UPGRADING to +2 gold dragon scales.
  6762 | D:8      | 6762 ||| DROPPING +0 robe of fire resistance.
  6773 | D:8      | Identified the +2 robe of the Sacrificial Victim {rC++ MP+9
                  | Str-3}
  6790 | D:8      | Noticed a two-headed ogre
  6799 | D:8      | Killed a two-headed ogre
  6800 | D:8      | Reached skill level 3 in Armour
  6868 | D:8      | 6868 ||| Stepping ~*~*~tactically~*~*~ (outnumbered).
  6872 | D:8      | 6872 ||| Stepping ~*~*~tactically~*~*~ (stealth).
  6878 | D:8      | Reached skill level 11 in Unarmed Combat
  6932 | D:8      | 6932 ||| Stepping ~*~*~tactically~*~*~ (stealth).
  6935 | D:8      | 6935 ||| Stepping ~*~*~tactically~*~*~ (stealth).
  6938 | D:8      | 6938 ||| Stepping ~*~*~tactically~*~*~ (hiding).
  6942 | D:8      | 6942 ||| Stepping ~*~*~tactically~*~*~ (hiding).
  6943 | D:8      | 6943 ||| Stepping ~*~*~tactically~*~*~ (hiding).
  6975 | D:8      | Reached skill level 3 in Throwing
  7326 | D:8      | 7326 ||| UPGRADING to +6 ring of strength.
  7328 | D:8      | 7328 ||| DROPPING ring of positive energy.
  7329 | D:8      | 7329 ||| UPGRADING to ring of Wu Jian's Esteem {rC+ Dex+6}.
  7331 | D:8      | 7331 ||| DROPPING ring of protection from cold.
  7332 | D:8      | 7332 ||| DRINKING 4 dark potions.
  7332 | D:8      | Gained mutation: You are weak. (Str -2) [potion of
                  | mutation]
  7332 | D:8      | Gained mutation: You possess an exceptional clarity of
                  | mind. [potion of mutation]
  7332 | D:8      | Gained mutation: You are agile. (Dex +4, Str/Int -1)
                  | [potion of mutation]
  7333 | D:8      | 7333 ||| READING 2 scrolls of identify.
  7333 | D:8      | 7333 ||| IDENTIFYING fizzy blue potion
  7334 | D:8      | 7334 ||| DROPPING potion of magic.
  7355 | D:9      | Reached XP level 10. HP: 89/92 MP: 10/10
  7407 | D:9      | 7407 ||| Stepping ~*~*~tactically~*~*~ (stealth).
  7409 | D:9      | 7409 ||| Stepping ~*~*~tactically~*~*~ (stealth).
  7566 | D:9      | Found a stormy altar of Qazlal.
  7660 | D:9      | 7660 ||| Stepping ~*~*~tactically~*~*~ (stealth).
  7671 | D:9      | 7671 ||| INVOKING Fiery Armour.
  7793 | D:9      | Reached skill level 12 in Unarmed Combat
  7811 | D:9      | 7811 ||| Stepping ~*~*~tactically~*~*~ (stealth).
  7812 | D:9      | 7812 ||| Stepping ~*~*~tactically~*~*~ (stealth).
  7814 | D:9      | 7814 ||| Stepping ~*~*~tactically~*~*~ (hiding).
  7820 | D:9      | 7820 ||| STAIRDANCE
  7829 | D:9      | 7829 ||| STAIRDANCE
  7834 | D:9      | 7834 ||| Stepping ~*~*~tactically~*~*~ (hiding).
  7839 | D:9      | 7839 ||| Stepping ~*~*~tactically~*~*~ (outnumbered).
  8046 | D:9      | 8046 ||| Stepping ~*~*~tactically~*~*~ (hiding).
  8185 | D:9      | Found a staircase to the Orcish Mines.
  8186 | D:9      | 8186 ||| INVOKING Fiery Armour.
  8190 | D:9      | 8190 ||| Stepping ~*~*~tactically~*~*~ (outnumbered).
  8195 | D:9      | 8195 ||| Stepping ~*~*~tactically~*~*~ (outnumbered).
  8199 | D:9      | 8199 ||| Stepping ~*~*~tactically~*~*~ (outnumbered).
  8216 | D:9      | 8216 ||| Stepping ~*~*~tactically~*~*~ (outnumbered).
  8217 | D:9      | 8217 ||| FLEEEEING.
  8250 | D:9      | Reached skill level 13 in Unarmed Combat
  8329 | D:9      | 8329 ||| UPGRADING to +0 kite shield.
  8371 | D:10     | Entered Level 10 of the Dungeon
  8380 | D:10     | Reached skill level 1 in Shields
  8475 | D:10     | Noticed a gargoyle
  8479 | D:10     | Killed a gargoyle
  8484 | D:10     | 8484 ||| FLEEEEING.
  8485 | D:10     | 8485 ||| FLEEEEING.
  8489 | D:10     | 8489 ||| FLEEEEING.
  8490 | D:10     | 8490 ||| FLEEEEING.
  8497 | D:10     | Reached skill level 3 in Shields
  8497 | D:10     | 8497 ||| Stepping ~*~*~tactically~*~*~ (hiding).
  8500 | D:10     | 8500 ||| Stepping ~*~*~tactically~*~*~ (hiding).
  8504 | D:10     | 8504 ||| INVOKING Fiery Armour.
  8511 | D:10     | 8511 ||| Stepping ~*~*~tactically~*~*~ (outnumbered).
  8527 | D:10     | Reached XP level 11. HP: 90/101 MP: 11/11
  8549 | D:10     | 8549 ||| Stepping ~*~*~tactically~*~*~ (hiding).
  8550 | D:10     | 8550 ||| Stepping ~*~*~tactically~*~*~ (hiding).
  8569 | D:10     | 8569 ||| Stepping ~*~*~tactically~*~*~ (stealth).
  8578 | D:10     | 8578 ||| Stepping ~*~*~tactically~*~*~ (stealth).
  8579 | D:10     | 8579 ||| Stepping ~*~*~tactically~*~*~ (stealth).
  8872 | D:10     | Found a staircase to the Lair.
  8886 | D:10     | Reached skill level 6 in Shields
  9065 | D:10     | 9065 ||| INVOKING Fiery Armour.
  9066 | D:10     | 9066 ||| Stepping ~*~*~tactically~*~*~ (outnumbered).
  9068 | D:10     | 9068 ||| Stepping ~*~*~tactically~*~*~ (outnumbered).
  9322 | D:10     | 9322 ||| PLANNING LAIR
  9322 | D:10     | 9322 ||| READING scroll labelled QYW ACADOFAI.
  9323 | D:10     | 9323 ||| READING scroll labelled CACLORREBA.
  9324 | D:10     | 9324 ||| DRINKING 2 inky potions.
  9325 | D:10     | 9325 ||| READING 2 scrolls of identify.
  9325 | D:10     | 9325 ||| IDENTIFYING lumpy clear potion
  9326 | D:10     | 9326 ||| DROPPING potion of degeneration.
  9327 | D:10     | 9327 ||| DROPPING potion of attraction.
  9337 | Lair:1   | Entered Level 1 of the Lair of Beasts
  9394 | Lair:1   | Noticed a four-headed hydra
  9395 | Lair:1   | 9395 ||| INVOKING Fiery Armour.
  9405 | Lair:1   | Killed an eight-headed hydra
  9445 | Lair:1   | 9445 ||| Stepping ~*~*~tactically~*~*~ (outnumbered).
  9447 | Lair:1   | 9447 ||| Stepping ~*~*~tactically~*~*~ (outnumbered).
  9448 | Lair:1   | 9448 ||| Stepping ~*~*~tactically~*~*~ (outnumbered).
  9450 | Lair:1   | 9450 ||| Stepping ~*~*~tactically~*~*~ (outnumbered).
  9451 | Lair:1   | 9451 ||| Stepping ~*~*~tactically~*~*~ (outnumbered).
  9452 | Lair:1   | 9452 ||| Stepping ~*~*~tactically~*~*~ (outnumbered).
  9453 | Lair:1   | 9453 ||| Stepping ~*~*~tactically~*~*~ (outnumbered).
  9454 | Lair:1   | 9454 ||| Stepping ~*~*~tactically~*~*~ (outnumbered).
  9455 | Lair:1   | 9455 ||| Stepping ~*~*~tactically~*~*~ (outnumbered).
  9456 | Lair:1   | 9456 ||| Stepping ~*~*~tactically~*~*~ (outnumbered).
  9457 | Lair:1   | 9457 ||| Stepping ~*~*~tactically~*~*~ (outnumbered).
  9458 | Lair:1   | 9458 ||| Stepping ~*~*~tactically~*~*~ (outnumbered).
  9540 | Lair:1   | 9540 ||| Stepping ~*~*~tactically~*~*~ (outnumbered).
  9546 | Lair:1   | 9546 ||| Stepping ~*~*~tactically~*~*~ (outnumbered).
  9547 | Lair:1   | 9547 ||| Stepping ~*~*~tactically~*~*~ (outnumbered).
  9548 | Lair:1   | 9548 ||| Stepping ~*~*~tactically~*~*~ (outnumbered).
  9723 | Lair:1   | 9723 ||| Stepping ~*~*~tactically~*~*~ (stealth).
  9920 | Lair:1   | 9920 ||| Stepping ~*~*~tactically~*~*~ (stealth).
  9922 | Lair:1   | 9922 ||| Stepping ~*~*~tactically~*~*~ (stealth).
  9923 | Lair:1   | 9923 ||| Stepping ~*~*~tactically~*~*~ (stealth).
  9936 | Lair:1   | Reached skill level 9 in Shields
 10159 | Lair:1   | 10159 ||| READING scroll labelled OWOYMPABRI.
 10240 | Lair:2   | 10240 ||| INVOKING Fiery Armour.
 10315 | Lair:2   | 10315 ||| Stepping ~*~*~tactically~*~*~ (outnumbered).
 10348 | Lair:2   | Found a staircase to the Swamp.
 10456 | Lair:2   | Reached XP level 12. HP: 91/111 MP: 12/12
 10534 | Lair:2   | 10534 ||| Stepping ~*~*~tactically~*~*~ (stealth).
 10537 | Lair:2   | 10537 ||| Stepping ~*~*~tactically~*~*~ (stealth).
 10546 | Lair:2   | 10546 ||| Stepping ~*~*~tactically~*~*~ (outnumbered).
 10547 | Lair:2   | 10547 ||| Stepping ~*~*~tactically~*~*~ (outnumbered).
 10548 | Lair:2   | 10548 ||| Stepping ~*~*~tactically~*~*~ (outnumbered).
 10549 | Lair:2   | 10549 ||| Stepping ~*~*~tactically~*~*~ (outnumbered).
 10597 | Lair:2   | 10597 ||| INVOKING Fiery Armour.
 10615 | Lair:2   | 10615 ||| READING 3 scrolls of teleportation.
 10758 | Lair:2   | 10758 ||| FLEEEEING.
 10759 | Lair:2   | 10759 ||| FLEEEEING.
 10767 | Lair:2   | 10767 ||| STAIRDANCE
 10805 | Lair:2   | 10805 ||| INVOKING Fiery Armour.
 10808 | Lair:2   | 10808 ||| PLANNING TEMPLE
 10960 | Temple   | Entered the Ecumenical Temple
 11057 | Temple   | 11057 ||| PLANNING CONVERSION TO OKAWARU
 11063 | Temple   | Fell from the grace of Ignis
 11063 | Temple   | Became a worshipper of Warmaster Okawaru
 11064 | Temple   | 11064 ||| PLANNING LAIR
 11278 | Lair:2   | 11278 ||| FLEEEEING.
 11279 | Lair:2   | 11279 ||| FLEEEEING.
 11287 | Lair:2   | 11287 ||| STAIRDANCE
 11309 | Lair:2   | 11309 ||| FLEEEEING.
 11317 | Lair:2   | 11317 ||| STAIRDANCE
 11451 | Lair:2   | HP: 25/111 [oklob plant/splash of acid (6)]
 11452 | Lair:2   | 11452 ||| READING 2 scrolls of teleportation.
 11453 | Lair:2   | 11453 ||| DRINKING 2 potions of heal wounds.
 11453 | Lair:2   | HP: 9/111 [oklob plant/splash of acid (24)]
 11454 | Lair:2   | 11454 ||| DRINKING potion of heal wounds.
 11574 | Lair:2   | HP: 27/111 [oklob plant/splash of acid (24)]
 11575 | Lair:2   | 11575 ||| READING scroll of teleportation.
 11702 | Lair:2   | Noticed Harold
 11714 | Lair:2   | Killed Harold
 11783 | Lair:2   | HP: 26/111 [fire elemental[the fiery vengeance of Ignis]
                  | (7)]
 11915 | Lair:2   | HP: 12/111 [oklob plant/splash of acid (20)]
 11916 | Lair:2   | Killed from afar by an oklob plant

Levels and vault maps discovered:
D:1:      wheals_arrival_shading, layout_rooms,
          dreamdust_ecumenical_altar_sealed_demon
D:2:      layout_basic, basic_altar, minmay_fountain_box,
          nicolae_concentric_dashed_squares_mild, minmay_misc_feat_cross,
          chequers_serial_rivers_room_b
D:3:      layout_loops_corners, mainiacjoe_overflow_catwalk
D:4:      layout_loops_corners, nzn_hepliaklqana_mist_gate,
          minmay_temple_entry_waves, nicolae_eternal_life, minmay_diced_spiral,
          uniq_pikel, uniq_edmund
D:5:      layout_rooms, mainiacjoe_overflow_large_starburst,
          hangedman_abyss_or_decor_lesser_grid
D:6:      layout_basic, minmay_stone_trees_medium
D:7:      layout_basic, serial_co_window_serial, co_window_cross_1,
          co_window_corner_a, co_window_paths_b, co_window_paths_b,
          co_window_corner_a, co_window_corner_a, co_window_of_opportunity_b,
          co_window_cross_2, co_window_corner_b, co_window_cross_4,
          co_window_paths_c, co_window_broadway_c, co_window_corner_b,
          glass_columns_a, glass_columns_b
D:8:      layout_basic, minivault_1
D:9:      layout_irregular_city, grunt_qazlal_clouds,
          kennysheep_orc_monster_closet_entryway
D:10:     layout_cave_pods, david_lair_generic, hangedman_decor_points,
          onia_ninara_cookie
Temple:   minmay_crystal_spiral_temple
Lair:1:   layout_gridlike, serial_bayou_lake_a
Lair:2:   layout_roguey, minmay_swamp_entry_swarm, minmay_lair_oklob_bushes,
          grunt_forest_small_clearing_treed, uniq_harold

Skill      XL: |  1  2  3  4  5  6  7  8  9 10 11 12 |
---------------+-------------------------------------+-----
Unarmed Combat | 4 5 8 9 10 11 13 | 13.4
Fighting       | 3 4 5 |  5.0
Throwing       | 1 2 3 4 |  4.0
Dodging        | 4 |  4.6
Armour         | 4 5 |  5.2
Shields        | 3 9 10 | 10.0
Spellcasting   | |  1.0
Fire Magic     | |  2.1

Action                   |  1- 3 |  4- 6 |  7- 9 | 10-12 || total
-------------------------+-------+-------+-------+-------++-------
Melee: Unarmed           |    83 |    65 |   145 |   372 ||   665
       Punch             |     1 |       |     8 |     5 ||    14
Throw: Boomerang         |       |    33 |     9 |    11 ||    53
       Javelin           |       |       |    59 |    49 ||   108
Invok: Fiery Armour      |     1 |     2 |     1 |     8 ||    12
  Use: Scroll            |     3 |     9 |     6 |     7 ||    25
       Potion            |     1 |       |     3 |     3 ||     7
Armor: Robe              |    30 |    20 |    23 |       ||    73
       Gold dragon scale |       |       |    22 |   290 ||   312
Dodge: Dodged            |    33 |    10 |    37 |    64 ||   144
Block: Kite shield       |       |       |       |   132 ||   132

Table legend:
 A = Non-vault XP
 B = Vault XP
 C = Vault XP percentage of total XP
 D = Non-vault monster count
 E = Vault monster count
 F = Vault count percentage of total count
                 A         B        C        D         E       F
            +---------+---------+-------+---------+---------+-------
      Total |   17151 |    8314 |  32.6 |     208 |      54 |  20.6
            +---------+---------+-------+---------+---------+-------
        D:1 |      22 |       0 |   0.0 |      15 |       0 |   0.0
        D:2 |     101 |       0 |   0.0 |      28 |       0 |   0.0
        D:3 |      36 |       0 |   0.0 |      16 |       0 |   0.0
        D:4 |     265 |     925 |  77.7 |      11 |       7 |  38.9
        D:5 |     144 |       0 |   0.0 |      12 |       0 |   0.0
        D:6 |    1472 |       0 |   0.0 |      20 |       0 |   0.0
        D:7 |     454 |       0 |   0.0 |      11 |       0 |   0.0
        D:8 |    2196 |       0 |   0.0 |      22 |       0 |   0.0
        D:9 |    2040 |    1739 |  46.0 |      24 |      20 |  45.5
       D:10 |     885 |    4081 |  82.2 |      11 |      22 |  66.7
     Lair:1 |    4683 |       0 |   0.0 |      19 |       0 |   0.0
     Lair:2 |    4853 |    1569 |  24.4 |      19 |       5 |  20.8
            +---------+---------+-------+---------+---------+-------
